[Event "ESTCC U50 2018"]
[Site "Walbrzych"]
[Date "2018.04.18"]
[Round "5"]
[White "Mariotti, Sergio"]
[Black "Bowmer, Kevin"]
[Result "1-0"]
[ECO "B97"]
[WhiteElo "2288"]
[BlackElo "2064"]
[Annotator "NA"]
[PlyCount "61"]
[EventDate "2018.??.??"]
[EventCountry "POL"]
[SourceTitle "playchess.com"]
[Source "ChessBase"]
[SourceQuality "1"]
[WhiteTeam "Italy"]
[BlackTeam "England"]
[WhiteTeamCountry "ITA"]
[BlackTeamCountry "ENG"]
[TimeControl "40/5400+30:1800+30"]

1. e4 c5 2. Nf3 d6 3. d4 cxd4 4. Nxd4 Nf6 5. Nc3 a6 6. Bg5 e6 7. f4 Qb6 8. Nb3 Be7 9. Qf3 Nbd7 {[%emt 0:03:39] LiveBook: 512 Games} 10. Bh4 {[%emt 0:22:43] B97: Sicilian Najdorf: Poisoned Pawn} (10. O-O-O Qc7 11. Bd3 b5 12. a3 Rb8 13. Bh4 b4 14. axb4 Rxb4 15. Be1 Bb7 16. Kb1 Nc5 17. Nxc5 dxc5 18. Qe3 c4 19. Be2 Bc5 20. Qg3 {½-½ (50) Bosiocic,M (2603)-Brkic,A (2553) Mali Losinj 2017}) 10... Qc7 11. g4 $146 ({Predecessor:} 11. Bf2 b5 12. Bd3 Bb7 {½-½ (12) Kolanek,R (2247)-Lucki,S (2358) ICCF email 2008}) 11... h6 12. Bg3 b5 13. a3 Bb7 14. Bg2 g5 15. f5 Ne5 16. Qe2 Nfxg4 17. fxe6 fxe6 18. Nd4 ({White should try} 18. Bh3 $11 h5 19. Bxe5 Nxe5 20. Bxe6) 18... Qc4 $15 19. Qxc4 Nxc4 20. Nxe6 Rc8 21. Bh3 h5 22. O-O-O Bf6 23. Nd4 Nxa3 24. Bxg4 hxg4 25. Nf5 Nc4 26. Nxd6+ Nxd6 27. Rxd6 Bxc3 28. bxc3 Rxc3 29. Be5 Rch3 30. Bxh8 Rxh8 31. Rb6 1-0

[Event "ESTCC U50 2018"]
[Site "Walbrzych"]
[Date "2018.04.18"]
[Round "5"]
[White "Pastor Alonso De Prado, Alberto"]
[Black "Burchardt, Brigitte"]
[Result "0-1"]
[ECO "B22"]
[WhiteElo "2162"]
[BlackElo "2166"]
[Annotator "NA"]
[PlyCount "68"]
[EventDate "2018.??.??"]
[EventCountry "POL"]
[SourceTitle "playchess.com"]
[Source "ChessBase"]
[SourceQuality "1"]
[WhiteTeam "Spain"]
[BlackTeam "Germany"]
[WhiteTeamCountry "ESP"]
[BlackTeamCountry "GER"]
[TimeControl "40/5400+30:1800+30"]

1. e4 c5 2. c3 e5 3. Nf3 Nc6 4. Bc4 Qe7 $16 (4... Be7 $14) 5. O-O h6 6. d4 d6 7. Re1 Nf6 8. dxe5 dxe5 9. Nbd2 Qc7 10. Nf1 Bd6 11. Ng3 O-O 12. Nh4 Ne7 13. Nh5 Ne8 14. Qf3 Kh7 15. g4 Ng8 16. g5 g6 17. Ng3 Qe7 18. Nhf5 gxf5 19. exf5 f6 20. h4 fxg5 21. hxg5 hxg5 22. Qh5+ Nh6 23. Qg6+ Kh8 24. Qxh6+ Qh7 25. Qxg5 Bxf5 26. Nxf5 Rxf5 27. Qg2 Nf6 28. Re3 Rh5 29. Rd3 Be7 30. Bg5 Rf8 31. Rg3 Ne4 32. Bxe7 Nxg3 33. Qxg3 Qxe7 34. Qe3 Qg7+ 0-1

[Event "ESTCC U50 2018"]
[Site "Walbrzych"]
[Date "2018.04.18"]
[Round "5"]
[White "Roth, Martin"]
[Black "Tuomala, Timo"]
[Result "1/2-1/2"]
[ECO "B25"]
[WhiteElo "2141"]
[BlackElo "2197"]
[Annotator "NA"]
[PlyCount "103"]
[EventDate "2018.??.??"]
[EventCountry "POL"]
[SourceTitle "playchess.com"]
[Source "ChessBase"]
[SourceQuality "1"]
[WhiteTeam "Germany"]
[BlackTeam "Finland"]
[WhiteTeamCountry "GER"]
[BlackTeamCountry "FIN"]
[TimeControl "40/5400+30:1800+30"]

1. e4 c5 2. Nc3 Nc6 3. g3 g6 4. Bg2 Bg7 5. d3 d6 {[%emt 0:00:09] LiveBook: 4507 Games} 6. Nge2 Rb8 7. a4 a6 {[%emt 0:00:43] B25: Closed Sicilian: 3 g3, lines without early Be3} (7... b6 8. O-O Nf6 9. h3 {½-½ (9) Rogulj,B (2396)-Palac,M (2538) Zagreb 2017}) 8. O-O e6 9. f4 Nge7 10. Be3 Nd4 11. Bf2 Nec6 12. Rb1 $146 ({Find the theoretical novelty and annotate with similar games:} 12. Nxd4 Nxd4 13. Qd2 O-O 14. Nd1 f5 15. Ne3 b6 16. Ra3 {0-1 (47) Valenta,V (2040)-Bukojemski,A (2235) Olomouc 2016}) 12... Qa5 13. b3 O-O 14. Be1 Qc7 15. Kh1 Bd7 16. Nxd4 Nxd4 17. Ne2 f5 $11 18. c3 Nxe2 19. Qxe2 Bc6 20. Qc2 b5 21. axb5 axb5 22. Bd2 Qb7 23. Rfe1 Rfc8 24. Bc1 Ra8 25. Re2 Ra6 26. h4 Rca8 27. Kh2 R8a7 28. b4 fxe4 29. dxe4 Qa8 30. Rb2 Ra3 31. Bd2 c4 32. Be1 Kf7 33. Qc1 Qh8 34. Rbc2 Qd8 35. Qe3 Qc7 36. Bh3 R7a6 37. e5 Bd5 38. Rcd2 Qa7 39. Qxa7+ Rxa7 40. Bf2 R7a6 41. Bd4 dxe5 42. fxe5 Bh6 43. Rf2+ Ke8 44. Rde2 Ra1 45. Bg2 Bxg2 46. Kxg2 Rd1 47. g4 Bf8 48. Rd2 Rxd2 49. Rxd2 Be7 50. g5 Ra1 51. Bf2 Ra3 52. Bd4 1/2-1/2

[Event "ESTCC U50 2018"]
[Site "Walbrzych"]
[Date "2018.04.18"]
[Round "5"]
[White "Ograbek, Grzegorz"]
[Black "Pietinen, Pekka"]
[Result "0-1"]
[ECO "D18"]
[WhiteElo "2140"]
[BlackElo "1983"]
[Annotator "NA"]
[PlyCount "92"]
[EventDate "2018.??.??"]
[EventCountry "POL"]
[SourceTitle "playchess.com"]
[Source "ChessBase"]
[SourceQuality "1"]
[WhiteTeam "Poland"]
[BlackTeam "Finland"]
[WhiteTeamCountry "POL"]
[BlackTeamCountry "FIN"]
[TimeControl "40/5400+30:1800+30"]

1. d4 d5 2. c4 c6 3. Nf3 Nf6 4. Nc3 dxc4 5. a4 Bf5 6. e3 e6 7. Bxc4 Bb4 {[%emt 0:02:25] LiveBook: 4289 Games} 8. O-O Nbd7 9. Qe2 Ne4 10. Na2 Bd6 11. Nc3 O-O 12. Rd1 Qc7 13. h3 Be7 14. Bd3 Nxc3 $11 15. bxc3 Bxd3 16. Qxd3 Rfd8 17. Ba3 Bxa3 18. Rxa3 c5 19. Raa1 Rac8 20. Rdb1 h6 21. Rb5 Qc6 22. Qb1 b6 23. Rb2 Rb8 24. Qd3 cxd4 25. cxd4 Rdc8 26. Qa6 Qb7 27. Qd3 Qc6 28. Qa6 Qb7 29. Qe2 Qc6 30. Rd2 Qc3 31. Rb1 Qc4 32. Qd1 Rc7 33. Ne1 Rbc8 34. Nd3 Nf6 35. Ne5 Qa6 36. Kh2 Ne4 37. Rdb2 Nc3 38. Qf1 Qxf1 39. Rxf1 Nxa4 40. Rb4 Nc3 41. Ra1 f6 42. Nd3 Ne4 43. Rb2 Nd6 44. Rba2 a5 45. Kg3 Kf7 46. Rb1 Ne4+ 0-1

[Event "ESTCC U50 2018"]
[Site "Walbrzych"]
[Date "2018.04.18"]
[Round "5"]
[White "Sazonova, Elena N"]
[Black "Van de Wynkele, Herman"]
[Result "1-0"]
[ECO "B06"]
[WhiteElo "2139"]
[BlackElo "2048"]
[Annotator "NA"]
[PlyCount "58"]
[EventDate "2018.??.??"]
[EventCountry "POL"]
[SourceTitle "playchess.com"]
[Source "ChessBase"]
[SourceQuality "1"]
[WhiteTeam "Russia"]
[BlackTeam "Belgium"]
[WhiteTeamCountry "RUS"]
[BlackTeamCountry "BEL"]
[TimeControl "40/5400+30:1800+30"]

1. e4 g6 2. d4 Bg7 3. Nc3 d6 4. Nf3 a6 {[%emt 0:00:21] LiveBook: 1147 Games} 5. Be3 b5 6. Bd3 Bb7 7. Ne2 {[%emt 0:18:15] B06: Modern Defence} Nd7 8. a4 c6 9. Qd2 e5 10. dxe5 dxe5 11. O-O Ngf6 $146 ({Predecessor:} 11... Qe7 12. Ng3 h5 13. h3 Nc5 14. axb5 axb5 15. Rxa8+ Bxa8 16. Bxc5 Qxc5 17. Qa5 Bb7 18. Qc7 Qa7 19. Nxe5 {1-0 (19) Sedlak,N (2573)-Karall,L (1984) Lienz 2013}) 12. Ng3 Ng4 13. Bg5 f6 14. h3 fxg5 15. hxg4 Bf6 16. b4 O-O 17. c4 bxc4 18. Bxc4+ Kg7 19. Be6 Nb6 20. a5 Qe7 21. Bb3 Rfd8 22. Qc3 Nd7 23. Rac1 Rac8 24. Bc4 Nf8 25. Rfd1 Ne6 26. Bxe6 Qxe6 27. Qc5 $14 Qxg4 28. Qb6 Rd7 29. Qc5 Qe6 1-0

[Event "ESTCC U50 2018"]
[Site "Walbrzych"]
[Date "2018.04.18"]
[Round "5"]
[White "Laszewicz, Pawel"]
[Black "Robertson, Ian C"]
[Result "1-0"]
[ECO "C41"]
[WhiteElo "2110"]
[BlackElo "2038"]
[Annotator "NA"]
[PlyCount "127"]
[EventDate "2018.??.??"]
[EventCountry "POL"]
[SourceTitle "playchess.com"]
[Source "ChessBase"]
[SourceQuality "1"]
[WhiteTeam "Poland"]
[BlackTeam "Scotland"]
[WhiteTeamCountry "POL"]
[BlackTeamCountry "SCO"]
[TimeControl "40/5400+30:1800+30"]

1. e4 e5 2. Nf3 d6 3. d4 exd4 4. Qxd4 Nf6 5. Nc3 Be7 6. Bf4 O-O 7. O-O-O Nc6 8. Qd2 $11 Be6 9. h3 Rb8 10. Bb5 a6 11. Bxc6 bxc6 12. Nd4 Qd7 13. g4 d5 14. e5 Ne8 15. Bg3 c5 16. Nxe6 fxe6 17. Nxd5 exd5 18. Qxd5+ Qxd5 19. Rxd5 c6 20. Rd7 Bg5+ 21. Kb1 Bf4 22. Ra7 Bxg3 23. fxg3 Rf3 24. Rxa6 Re3 25. Rxc6 Rxe5 26. a4 Ra8 27. b3 Nf6 28. Rd1 Ne4 29. Rd7 Nxg3 30. Rcc7 Rg5 31. Ra7 Rxa7 32. Rxa7 h5 33. a5 hxg4 34. hxg4 Rxg4 35. Rc7 Rg6 36. Rxc5 Ra6 37. b4 Ne4 38. Re5 Nd6 39. Ka2 Kf7 40. Kb3 Kf6 41. Rd5 Ke6 42. c4 Ra8 43. Rd3 g5 44. c5 Nb5 45. Kc4 Rb8 46. a6 g4 47. Re3+ Kf6 48. Re4 Nc7 49. Rxg4 Nxa6 50. b5 Nc7 51. b6 Na8 52. Kb5 Ke6 53. Rg7 Kd5 54. b7 Rh8 55. c6 Kd6 56. Rd7+ Ke6 57. bxa8=Q Rxa8 58. Rd1 Ra2 59. c7 Rb2+ 60. Kc6 Rc2+ 61. Kb7 Rb2+ 62. Kc8 Rh2 63. Rb1 Rc2 64. Kb8 1-0

[Event "ESTCC U50 2018"]
[Site "Walbrzych"]
[Date "2018.04.18"]
[Round "5"]
[White "Wagner-Michel, Annett"]
[Black "De la Orden Alcocer, Alejandro"]
[Result "1-0"]
[ECO "B12"]
[WhiteElo "2104"]
[BlackElo "2013"]
[Annotator "NA"]
[PlyCount "73"]
[EventDate "2018.??.??"]
[EventCountry "POL"]
[SourceTitle "playchess.com"]
[Source "ChessBase"]
[SourceQuality "1"]
[WhiteTeam "Germany"]
[BlackTeam "Spain"]
[WhiteTeamCountry "GER"]
[BlackTeamCountry "ESP"]
[TimeControl "40/5400+30:1800+30"]

1. e4 c6 2. d4 g6 3. f4 d5 4. e5 h5 5. Nd2 {[%emt 0:03:18] B12: Caro-Kann: Advance Variation} (5. Nf3 Bg4 6. h3 Bxf3 7. Qxf3 e6 8. Bd3 h4 9. Be3 Nh6 10. Nd2 Nd7 11. Qf2 Be7 12. Nf3 Nf5 13. Bxf5 exf5 {0-1 (37) Andrejevs,A (2256)-Shvyrjov,I (2389) Orsha 2018}) 5... Nh6 6. Ndf3 Bf5 7. c3 Nd7 $146 ({Predecessor:} 7... e6 8. Bd3 Nd7 9. Ne2 a5 10. a4 Be7 11. O-O {0-1 (34) Hardman,G-Frumkin,E USA corr 1991}) 8. Ne2 e6 9. Be3 Be7 10. Qd2 a6 11. Bf2 Rb8 12. h3 h4 13. g3 Be4 14. Bg2 hxg3 15. Nxg3 Bxf3 16. Bxf3 Bh4 17. Kf1 Nf5 18. Qe1 Bxg3 19. Bxg3 Ne3+ 20. Qxe3 c5 21. dxc5 Rc8 22. Kg2 Nxc5 $18 23. h4 Na4 24. Rab1 Rc4 25. Be1 Qc7 26. b3 d4 27. Qd3 Rxc3 28. Bxc3 Nxc3 29. Rbc1 Qb6 30. Rc2 Ke7 31. h5 gxh5 32. Rxh5 Rg8+ 33. Kh2 a5 34. Rg2 Rxg2+ 35. Kxg2 a4 36. Rh7 axb3 37. Qg6 1-0

[Event "ESTCC U50 2018"]
[Site "Walbrzych"]
[Date "2018.04.18"]
[Round "5"]
[White "Van Herck, Marcel"]
[Black "Sirotkina, Nina"]
[Result "0-1"]
[ECO "B81"]
[WhiteElo "2061"]
[BlackElo "2175"]
[Annotator "NA"]
[PlyCount "54"]
[EventDate "2018.??.??"]
[EventCountry "POL"]
[SourceTitle "playchess.com"]
[Source "ChessBase"]
[SourceQuality "1"]
[WhiteTeam "Belgium"]
[BlackTeam "Russia"]
[WhiteTeamCountry "BEL"]
[BlackTeamCountry "RUS"]
[TimeControl "40/5400+30:1800+30"]

1. e4 c5 2. Nf3 e6 3. d4 cxd4 4. Nxd4 Nf6 5. Nc3 d6 6. g4 h6 7. g5 hxg5 8. Bxg5 {[%emt 0:00:06] LiveBook: 262 Games} Be7 $11 9. h4 a6 10. Bg2 Qc7 11. Qe2 Nc6 12. O-O-O Nxd4 13. Rxd4 Bd7 14. f4 Bc6 15. e5 Bxg2 16. Qxg2 O-O-O 17. exf6 gxf6 18. Rd3 Kb8 19. h5 fxg5 20. fxg5 d5 21. Rf3 Rdg8 22. g6 fxg6 23. hxg6 Rxh1+ 24. Qxh1 Rxg6 25. Ne2 Qe5 26. Qd1 Bc5 27. c3 Be3+ 0-1

[Event "ESTCC U50 2018"]
[Site "Walbrzych"]
[Date "2018.04.18"]
[Round "5"]
[White "Strzelecki, Jerzy"]
[Black "Akkanen, Timo"]
[Result "1-0"]
[ECO "A21"]
[WhiteElo "2038"]
[BlackElo "1667"]
[Annotator "NA"]
[PlyCount "109"]
[EventDate "2018.??.??"]
[EventCountry "POL"]
[SourceTitle "playchess.com"]
[Source "ChessBase"]
[SourceQuality "1"]
[WhiteTeam "Poland"]
[BlackTeam "Finland"]
[WhiteTeamCountry "POL"]
[BlackTeamCountry "FIN"]
[TimeControl "40/5400+30:1800+30"]

1. c4 e5 2. Nc3 c5 3. g3 g6 4. Nf3 Nc6 5. Bg2 Bg7 6. d3 Nge7 7. Nd2 d6 8. Nf1 O-O 9. Ne3 Rb8 10. O-O f5 11. Ned5 h6 12. Rb1 Nxd5 13. Nxd5 Ne7 14. b4 Nxd5 15. Bxd5+ Kh7 16. e3 f4 $16 (16... b6 $11) 17. exf4 Bh3 18. Bg2 Qd7 19. Be3 b6 20. Qf3 Bg4 21. Qd5 Rbd8 22. fxe5 Bxe5 23. bxc5 Be6 24. c6 Bxd5 25. cxd7 Bxg2 26. Kxg2 Rxd7 27. Rb5 Bc3 28. Rfb1 Rdf7 29. Rd5 Rf6 30. h4 Bd2 31. Bd4 Re6 32. Rb2 Be1 33. a4 Rf7 34. Kf1 Rfe7 35. h5 g5 36. Rf5 Ba5 37. Rf8 Re8 38. Rxe8 Rxe8 39. Re2 Rxe2 40. Kxe2 Bb4 41. Ke3 Kg8 42. Ke4 Kf7 43. Kf5 Be1 44. g4 Bd2 45. Ke4 Bb4 46. Be3 Bc3 47. d4 Ke6 48. f4 Kf6 49. Kd5 Bb4 50. fxg5+ hxg5 51. h6 a6 52. Bxg5+ Kg6 53. Bf4 b5 54. cxb5 axb5 55. axb5 1-0

[Event "ESTCC U50 2018"]
[Site "Walbrzych"]
[Date "2018.04.18"]
[Round "5"]
[White "Nuenchert, Eveline"]
[Black "Ruiz Bellon, Manuel"]
[Result "1/2-1/2"]
[ECO "C00"]
[WhiteElo "2033"]
[BlackElo "1861"]
[Annotator "NA"]
[PlyCount "47"]
[EventDate "2018.??.??"]
[EventCountry "POL"]
[SourceTitle "playchess.com"]
[Source "ChessBase"]
[SourceQuality "1"]
[WhiteTeam "Germany"]
[BlackTeam "Spain"]
[WhiteTeamCountry "GER"]
[BlackTeamCountry "ESP"]
[TimeControl "40/5400+30:1800+30"]

1. e4 e6 2. d3 d5 3. Nd2 Nf6 4. Ngf3 Nc6 5. c3 e5 6. Be2 a5 7. O-O Bc5 8. Qc2 {[%emt 0:05:53] C00: French: Unusual White 2nd moves} (8. Nxe5 Nxe5 9. d4 O-O 10. exd5 Bxd4 11. cxd4 Ng6 12. d6 Qxd6 13. Nc4 Qd5 14. b3 Be6 15. Bf3 Qb5 {1-0 (41) Amin,B (2661)-Matamoros Franco,C (2488) Baku 2016}) 8... O-O {[%emt 0:00:29] LiveBook: 5 Games} 9. Nb3 Be7 10. a4 h6 11. h3 Re8 $146 ({Predecessor:} 11... b6 12. Re1 Bb7 13. Nh2 Bd6 14. Nf1 Ne7 15. Ng3 Re8 {1-0 (57) Kaulfuss,H (2246)-Wilhelm,J (2205) Germany 2003}) 12. Be3 b6 13. Rad1 Ba6 14. Rfe1 Qc8 15. Nh4 Qe6 16. Nf5 Bf8 17. Bf3 dxe4 18. dxe4 Rad8 19. Nc1 Kh7 20. Bd2 Rd7 21. Ne3 Red8 $11 22. Nd5 Kg8 23. Nxf6+ Qxf6 24. Be3 1/2-1/2

[Event "ESTCC U50 2018"]
[Site "Walbrzych"]
[Date "2018.04.18"]
[Round "5"]
[White "Sihvonen, Tero"]
[Black "Aegerter, Klaus"]
[Result "1-0"]
[ECO "B06"]
[WhiteElo "1988"]
[BlackElo "1731"]
[Annotator "NA"]
[PlyCount "93"]
[EventDate "2018.??.??"]
[EventCountry "POL"]
[SourceTitle "playchess.com"]
[Source "ChessBase"]
[SourceQuality "1"]
[WhiteTeam "Finland"]
[BlackTeam "Switzerland"]
[WhiteTeamCountry "FIN"]
[BlackTeamCountry "SUI"]
[TimeControl "40/5400+30:1800+30"]

1. e4 g6 2. d4 Bg7 3. Nc3 d6 4. Bg5 Nd7 5. Nf3 c5 6. Be2 cxd4 7. Nxd4 Ngf6 8. O-O O-O 9. Kh1 a6 $11 10. a4 Nc5 11. Bf3 Rb8 12. a5 Ne6 13. Be3 Nxd4 14. Bxd4 Be6 15. h3 Bd7 16. Ba7 Rc8 17. Bb6 Qe8 18. e5 dxe5 19. Bxb7 Rxc3 20. bxc3 Bb5 21. Re1 Nh5 22. Rb1 Bc6 23. Bxc6 Qxc6 24. Qd3 f5 25. Rb4 e4 26. Qc4+ Qxc4 27. Rxc4 Nf4 28. Rd1 Ne2 29. Rd7 Kf7 30. Bd4 Bh6 31. g3 f4 32. Rcc7 Re8 33. gxf4 Nxf4 34. Be3 g5 35. Rc6 Bg7 36. Rxa6 Nxh3 37. Rb6 Rc8 38. Rbb7 Bf6 39. a6 Rxc3 40. a7 Ra3 41. Rxe7+ Kg6 42. Re8 Ra1+ 43. Kh2 Ng1 44. f4 Nf3+ 45. Kg2 Re1 46. Rxe4 g4 47. a8=Q 1-0

[Event "ESTCC U50 2018"]
[Site "Walbrzych"]
[Date "2018.04.18"]
[Round "5"]
[White "Ciuro Munoz, Ricardo"]
[Black "Kierzek, Mira"]
[Result "1/2-1/2"]
[ECO "B01"]
[WhiteElo "1972"]
[BlackElo "2011"]
[Annotator "NA"]
[PlyCount "112"]
[EventDate "2018.??.??"]
[EventCountry "POL"]
[SourceTitle "playchess.com"]
[Source "ChessBase"]
[SourceQuality "1"]
[WhiteTeam "Spain"]
[BlackTeam "Germany"]
[WhiteTeamCountry "ESP"]
[BlackTeamCountry "GER"]
[TimeControl "40/5400+30:1800+30"]

1. e4 d5 2. exd5 Qxd5 3. d4 Nf6 4. Nf3 Bg4 5. Be2 {[%emt 0:00:12] LiveBook: 422 Games} e6 6. O-O c6 7. Bf4 Qd8 8. c4 Be7 9. Nc3 O-O {[%emt 0:01:34] B01: Scandinavian Defence} 10. Qd2 Na6 $146 ({Predecessor:} 10... Nbd7 11. Rfd1 Nb6 12. Ne5 Bxe2 13. Qxe2 Bb4 14. Rd3 Qe7 15. Rh3 Bxc3 16. bxc3 Nbd7 17. Qd3 {1-0 (39) Qin,Z (2446)-Devine,N (1868) Ottawa 2014}) 11. h3 Bf5 12. a3 Nc7 13. Qe3 Rc8 14. Nh4 Bg6 (14... b5 $14) 15. Nxg6 hxg6 16. Rad1 Re8 17. Bf3 Bd6 18. Bg5 Be7 19. Rfe1 Kf8 $16 (19... Nfd5 $1 $17 20. Bxe7 Nxe3 21. Bxd8 Nxd1 22. Bxc7 Nxc3) 20. Rd3 Qd7 21. Red1 Rcd8 22. Qf4 Kg8 23. Bxf6 Bxf6 24. Ne4 Be7 25. b4 Rf8 26. Nc3 Bf6 27. Qe4 Rfe8 28. Na4 Be7 29. Qe2 Qc8 30. Nc3 Qd7 31. Ne4 Qc8 32. Qc2 Qd7 33. R3d2 Qc8 34. Nc3 Bg5 35. Rd3 Bf6 36. Ne4 Be7 37. Nc5 Rf8 38. g3 Rfe8 39. Kg2 Rf8 40. h4 Ne8 41. Ne4 Nf6 42. Qa4 Qc7 43. Nxf6+ gxf6 44. c5 a6 45. Qc2 Kg7 46. a4 f5 47. b5 axb5 48. axb5 Ra8 49. Rb3 Rab8 50. Rdb1 Bf6 51. Rd1 Rfd8 52. Qc4 Qd7 53. bxc6 bxc6 54. Rbd3 Qc7 55. Qa6 Rdc8 56. Qc4 Ra8 1/2-1/2

[Event "ESTCC U50 2018"]
[Site "Walbrzych"]
[Date "2018.04.18"]
[Round "5"]
[White "Giulian, Rosemary A"]
[Black "Szmyd, Marek"]
[Result "1/2-1/2"]
[ECO "B22"]
[WhiteElo "1880"]
[BlackElo "1898"]
[Annotator "NA"]
[PlyCount "32"]
[EventDate "2018.??.??"]
[EventCountry "POL"]
[SourceTitle "playchess.com"]
[Source "ChessBase"]
[SourceQuality "1"]
[WhiteTeam "Scotland"]
[BlackTeam "Poland"]
[WhiteTeamCountry "SCO"]
[BlackTeamCountry "POL"]
[TimeControl "40/5400+30:1800+30"]

1. e4 c5 2. c3 Nf6 3. e5 Nd5 4. d4 cxd4 5. Nf3 Nc6 6. cxd4 d6 7. Bc4 dxe5 8. dxe5 e6 9. O-O Be7 10. Qe2 O-O 11. Rd1 Qc7 12. Bxd5 exd5 13. Nc3 Bg4 14. Nxd5 Bxf3 15. Qxf3 Qxe5 16. Nxe7+ Qxe7 1/2-1/2

[Event "ESTCC U50 2018"]
[Site "Walbrzych"]
[Date "2018.04.18"]
[Round "5"]
[White "Puroila, Sippo"]
[Black "Wielosz, Jaroslaw"]
[Result "1-0"]
[ECO "D94"]
[WhiteElo "1838"]
[BlackElo "2038"]
[Annotator "NA"]
[PlyCount "55"]
[EventDate "2018.??.??"]
[EventCountry "POL"]
[SourceTitle "playchess.com"]
[Source "ChessBase"]
[SourceQuality "1"]
[WhiteTeam "Finland"]
[BlackTeam "Poland"]
[WhiteTeamCountry "FIN"]
[BlackTeamCountry "POL"]
[TimeControl "40/5400+30:1800+30"]

1. d4 Nf6 2. c4 g6 3. Nf3 Bg7 4. Nc3 d5 5. e3 O-O 6. b3 c5 7. dxc5 {[%emt 0:01:23] D94: Grünfeld: 4 Nf3 Bg7 5 e3} (7. cxd5 Nxd5 8. Nxd5 Qxd5 9. Bc4 Qd8 10. Ne5 cxd4 11. exd4 Bxe5 12. dxe5 Qa5+ 13. Kf1 Qxe5 14. Bh6 Re8 {0-1 (40) Gavasheli,A (2227)-Flear,G (2455) San Sebastian 2017}) 7... Ne4 8. Nxe4 Bxa1 ({Better is} 8... dxe4 $11 9. Nd4 Na6) 9. cxd5 Bf5 10. Ng3 Qa5+ $146 ({Predecessor:} 10... Bg4 11. Be2 Bc3+ 12. Kf1 Qa5 13. Qc2 Rc8 14. Ne4 Bg7 {0-1 (34) Witthans,M-Wencki,J Krefeld 2010}) 11. Bd2 Qxa2 12. Nxf5 gxf5 13. Bd3 Bf6 14. Bxf5 Qa1 15. Bb1 Qb2 16. O-O Nd7 17. Qe2 Qxb3 18. Nd4 Qxd5 19. Qg4+ Kh8 20. Qh3 h5 21. Bf5 $18 (21. Nf5 h4 22. Qg4 Qxg2+ 23. Qxg2) 21... h4 22. Qg4 Rg8 23. Qh5+ Kg7 24. e4 Rh8 25. Qg4+ Kf8 26. exd5 Ne5 27. Qe2 Rd8 28. Be4 1-0

[Event "ESTCC U50 2018"]
[Site "Walbrzych"]
[Date "2018.04.18"]
[Round "5"]
[White "Daleczko, Zbigniew"]
[Black "Aird, Ian"]
[Result "1-0"]
[ECO "C59"]
[WhiteElo "1835"]
[BlackElo "1785"]
[Annotator "NA"]
[PlyCount "112"]
[EventDate "2018.??.??"]
[EventCountry "POL"]
[SourceTitle "playchess.com"]
[Source "ChessBase"]
[SourceQuality "1"]
[WhiteTeam "Poland"]
[BlackTeam "Scotland"]
[WhiteTeamCountry "POL"]
[BlackTeamCountry "SCO"]
[TimeControl "40/5400+30:1800+30"]

1. e4 e5 2. Nf3 Nc6 3. Bc4 Nf6 4. Ng5 d5 5. exd5 Na5 6. Bb5+ c6 7. dxc6 bxc6 8. Be2 h6 9. Nf3 Bd6 10. d3 O-O 11. h3 Qc7 12. Nc3 Nd5 13. Ne4 Be7 14. Bd2 f5 15. Nc3 Bf6 16. Nxd5 cxd5 17. Bxa5 Qxa5+ 18. c3 d4 19. O-O Be6 20. cxd4 exd4 21. b3 Rac8 22. Nd2 Rc5 23. Nc4 Qc7 24. Bf3 a5 25. Re1 Bf7 26. a3 Rb8 27. Rb1 Rcb5 28. Qc2 Bg5 29. g3 Kh8 30. Kg2 Kg8 31. Qa2 Kh7 32. a4 Rc5 33. h4 Bf6 34. Qd2 Kg8 35. Qd1 Kh8 36. Qd2 Kg8 37. Rb2 Kh8 38. Reb1 Kg8 39. Na3 Rb4 40. Nc2 Rxb3 41. Rxb3 Bxb3 42. Rxb3 Rxc2 43. Qe1 Qe7 44. Bd5+ Kh7 45. Be6 g6 46. Rb6 Rc5 47. Qb1 Bg7 48. Qb3 Be5 49. h5 f4 50. Bg8+ Kh8 51. Rxg6 f3+ 52. Kxf3 Qf8+ 53. Kg2 Qa8+ 54. f3 Bg7 55. Rxg7 Rc2+ 56. Kh3 Rc4 1-0

[Event "ESTCC U50 2018"]
[Site "Walbrzych"]
[Date "2018.04.18"]
[Round "5"]
[White "Webster, Jim J"]
[Black "Szydelko, Kazimierz"]
[Result "1/2-1/2"]
[ECO "A50"]
[WhiteElo "1769"]
[BlackElo "1689"]
[Annotator "NA"]
[PlyCount "95"]
[EventDate "2018.??.??"]
[EventCountry "POL"]
[SourceTitle "playchess.com"]
[Source "ChessBase"]
[SourceQuality "1"]
[WhiteTeam "Scotland"]
[BlackTeam "Poland"]
[WhiteTeamCountry "SCO"]
[BlackTeamCountry "POL"]
[TimeControl "40/5400+30:1800+30"]

1. d4 Nf6 2. c4 b6 3. Nc3 Bb7 4. Nf3 e6 5. e3 d5 6. cxd5 Nxd5 7. Be2 Be7 8. O-O O-O 9. a3 Nd7 10. Qc2 c5 11. dxc5 Nxc3 12. Qxc3 Bf6 13. Qc2 Rc8 14. Rd1 Rxc5 15. Qd2 Rd5 16. Qe1 Nc5 17. Rxd5 Qxd5 18. Bd2 Bxb2 19. Rd1 Qc6 20. Bc3 Bxc3 21. Qxc3 Rc8 22. Ne1 Qa4 23. Rd4 Qe8 24. Qb2 Na4 25. Qd2 Nc3 26. Bf3 Bxf3 27. Nxf3 Nb5 28. Rd3 f6 29. h3 Qc6 30. Kh2 Rc7 31. a4 Nc3 32. Rd6 Qxa4 33. Rd8+ Kf7 34. Qd6 Re7 35. Qb8 e5 36. Rf8+ Kg6 37. Qc8 Ne2 38. g3 Qe4 39. Nh4+ Kh5 40. Qd8 Nxg3 41. fxg3 Qc2+ 42. Ng2 Qc7 43. Qd1+ Kh6 44. Qg4 Qd7 45. Qh4+ Kg6 46. Qe4+ Kh6 47. Qh4+ Kg6 48. Qe4+ 1/2-1/2

[Event "ESTCC U50 2018"]
[Site "Walbrzych"]
[Date "2018.04.18"]
[Round "5"]
[White "Germann, Martin"]
[Black "Viljava, Tapani"]
[Result "0-1"]
[ECO "B08"]
[WhiteElo "1755"]
[BlackElo "2162"]
[Annotator "NA"]
[PlyCount "64"]
[EventDate "2018.??.??"]
[EventCountry "POL"]
[SourceTitle "playchess.com"]
[Source "ChessBase"]
[SourceQuality "1"]
[WhiteTeam "Switzerland"]
[BlackTeam "Finland"]
[WhiteTeamCountry "SUI"]
[BlackTeamCountry "FIN"]
[TimeControl "40/5400+30:1800+30"]

1. d4 g6 2. e4 Bg7 3. Nf3 d6 4. Nc3 Nf6 5. Be3 a6 6. Qd2 b5 7. Bd3 Bb7 8. a3 Nbd7 9. Bh6 O-O 10. h4 c5 11. h5 cxd4 12. Nxd4 Nc5 13. hxg6 fxg6 14. Bxg7 Kxg7 15. f3 e5 16. Nde2 $11 Qb6 17. Nd5 Bxd5 18. exd5 Nxd3+ 19. Qxd3 b4 20. a4 Rac8 21. Rd1 Rc5 22. Qd2 Qb7 23. Qh6+ Kg8 24. Qh3 Re8 25. O-O Rxd5 26. Qh4 Kg7 27. Qc4 Rxd1 28. Rxd1 d5 29. Qb3 Qb6+ 30. Kf1 Rf8 31. c3 Ne4 32. Nd4 exd4 0-1